 Dungeon Crawl Stone Soup version 0.30.1-10-g1249ef9ec4 (webtiles) character file.

Game seed: 377500067672215478

47 safid the Chiller (level 3, 0/27 HPs)
             Began as a Merfolk Ice Elementalist on Oct 26, 2023.
             Slain by an adder (1 damage)
             ... on level 2 of the Dungeon.
             The game lasted 00:01:40 (1009 turns).

safid the Chiller (Merfolk Ice Elementalist)        Turns: 1009, Time: 00:01:40

Health: 0/27       AC:  3    Str:  8    XL:     3   Next: 70%
Magic:  0/6        EV: 12    Int: 16    God:
Gold:   41         SH:  0    Dex: 14    Spells: 6/7 levels left

rFire   . . .        d - +2 whip (drain)
rCold   . . .        (no shield)
rNeg    . . .        a - +0 robe
rPois   .            j - +0 helmet
rElec   .            (no cloak)
rCorr   .            (no gloves)
SInv    .            (no boots)
Will    .....        (no amulet)
Stlth   ++           (no ring)
HPRegen 0.24/turn    (no ring)
MPRegen 0.10/turn

%: no passive effects
@: lethally poisoned (0 -> -2)
A: (nimble swimmer 2), mertail
a: no special abilities


You were on level 2 of the Dungeon.
You visited 1 branch of the dungeon, and saw 2 of its levels.

You collected 41 gold pieces.

Inventory:

Hand Weapons
 d - a +2 whip of draining (weapon)
Armour
 a - a +0 robe (worn)
 j - a +0 helmet (worn)
Scrolls
 g - a scroll of identify {unknown}
 h - a scroll of magic mapping {unknown}
 i - a scroll of enchant armour {unknown}
Potions
 b - a potion of magic
 c - a potion of resistance


   Skills:
 + Level 1.8 Fighting
 - Level 2.6 Dodging
 - Level 2.1 Stealth
 + Level 2.6 Spellcasting
 + Level 4.9 Ice Magic


You had 6 spell levels left.
You knew the following spells:

 Your Spells              Type           Power      Damage    Failure   Level
a - Freeze                Ice            68%        1d8       2%          1

Your spell library contained the following spells:

 Spells                   Type           Power      Damage    Failure   Level
 Frozen Ramparts          Ice            34%        1d6       8%          3
 Ozocubu's Armour         Ice            17%        N/A       8%          3
 Summon Ice Beast         Ice/Summ       10%        N/A       56%         4


Dungeon Overview and Level Annotations

Branches:
Dungeon (2/15)

Altars:


Innate Abilities, Weirdness & Mutations

((You are very nimble when in or above water. (Stealth+, EV+, Speed+++)))
Your lower body shifts to a powerful aquatic tail in water.


Message History

Increase (S)trength, (I)ntelligence, or (D)exterity?
You feel clever. x2
Casting: Freeze (safe; 2% risk of failure)
Confirm with . or Enter, or press ? or * to list all spells.
Aiming: Freeze (safe; 2% risk of failure)
Press: ? - help, Shift-Dir - straight line, f - adder
Aim: an adder You freeze the adder.
The adder is moderately wounded.
The adder closely misses you. The adder bites you but does no damage.
Unknown command.
Casting: Freeze (safe; 2% risk of failure)
Confirm with . or Enter, or press ? or * to list all spells.
You don't have enough magic to cast this spell.
Unknown command.
You closely miss the adder.
The adder is moderately wounded.
The adder bites you.
* * * LOW HITPOINT WARNING * * *
Unknown command.
You closely miss the adder.
The adder is moderately wounded.
The adder bites you.
* * * LOW HITPOINT WARNING * * *
You are lethally poisoned!
The adder poisons you! The adder closely misses you.
Unknown command.
Unknown command.
Okay, then.
As you read the scroll labelled DYOXZONIF QUTU, it crumbles to dust.
It is a scroll of enchant weapon.
Your +1 whip of draining glows red for a moment.
* * * LOW HITPOINT WARNING * * *
You feel sick. The adder bites you but does no damage.
The air fills with toxic fumes!
As you read the scroll labelled GOIHAPR ENKEO, it crumbles to dust.
It was a scroll of poison.
* * * LOW HITPOINT WARNING * * *
You feel sick. The adder bites you.
You die...

....# # #.#§# #
.#####.#§# #
..)....§§###### ##### #
.#.....§§§§§§§###...# #
.......§§§§§........# #
# ##§§§....###...###
§§#§§###§##>##..........
§§§§§§S@§##.######....♣.
§§§§§######.# ###.♣...
##§ #.# #..PP.P. #.#
#.♣..~~♣ #<# #...~~~~
..# #..~~~~♣ ...
...♣~♣~~~ ###.P(~~♣.
#..~~~♣.


You could see an adder.

Vanquished Creatures
  Terence (D:2)
  4 ball pythons
  3 giant cockroaches (D:1)
  2 goblins (D:1)
  2 hobgoblins (D:1)
  3 quokkas (D:1)
  A frilled lizard (D:2)
  3 kobolds (D:1)
  A rat (D:1)
20 creatures vanquished.

Notes
Turn   | Place    | Note
-------+----------+-------------------------------------------
     0 | D:1      | safid the Merfolk Ice Elementalist began the quest for the
                  | Orb.
     0 | D:1      | Reached XP level 1. HP: 13/13 MP: 3/3
   108 | D:1      | Reached XP level 2. HP: 5/20 MP: 0/5
   148 | D:1      | Reached skill level 1 in Fighting
   995 | D:2      | Noticed Terence
  1004 | D:2      | Killed Terence
  1005 | D:2      | Reached XP level 3. HP: 6/27 MP: 1/6
  1009 | D:2      | HP: 1/27 [poisoned by an adder]
  1009 | D:2      | Slain by an adder

Illustrated notes

Levels and vault maps discovered:
D:1:      lightli_arrival_maybe_door_vault, layout_basic
D:2:      layout_loops_ring, shapermc_ecumenical_altar_venn,
          serial_bayou_pond_a, nicolae_concentric_dashed_squares_mild,
          uniq_jessica, uniq_terence

Skill      XL: |  1  2 |
---------------+-------+-----
Fighting       | 1 |  1.8
Dodging        | |  2.6
Stealth        | |  2.1
Spellcasting   | |  2.6
Ice Magic      | |  4.9

Action                     || total
---------------------------++-------
  Melee: Unarmed           ||     9
         Whip              ||    41
         Punch             ||     1
   Cast: Freeze            ||    15
    Use: Scroll            ||     2
   Stab: Sleeping          ||     2
 Armour: Robe              ||    12
  Dodge: Dodged            ||    37
